AoeStats
← danjo

Nomad

507476318Analyzed
2v2 RM · 14d ago on Sep 18, 2026· 43m 1s· 4 players
Game mode
Random Map
Map size
176×176
Population
200
Speed
Normal
Resources
Standard
Victory
Conquest
Starting age
Dark Age
Ending age
Imperial Age
RankedLock teamsTeams togetherTeam positionsShared explorationLock speedFull tech treeHidden civsTurbo modeCheats
Victory
Defeat
🇩🇪 Japanese · Germany
1206
+13
🇩🇪 Malians · Germany
1135
+16
🇬🇧 Mongols · United Kingdom
1178
-16
🇨🇦 Persians · Canada
1103
-13
Hogan88
4:02 Loom
15:11 Feudal Age
15:45 Double-Bit Axe
17:12 Fletching
28:58 Castle Age
28:52 Padded Archer Armor
31:11 Bodkin Arrow
31:17 Padded Archer Armor
31:30 Medium Warships
31:48 Bloodlines
31:38 Husbandry
36:17 Imperial Age
35:58 Leather Archer Armor
35:58 Thumb Ring
37:01 Ballistics
37:22 Bracer
40:07 Parthian Tactics
41:41 Ring Archer Armor
danjo
8:02 Loom
13:44 Feudal Age
18:57 Castle Age
18:50 Scale Barding Armor
19:32 Forging
22:35 Fishing Lines
22:41 Fishing Lines
31:59 Fletching
33:25 Gold Mining
36:28 Imperial Age
34:24 Scale Mail Armor
34:49 Gillnets
35:48 Chain Mail Armor
36:09 Iron Casting
35:40 Squires
36:58 Stone Mining
39:31 Gold Shaft Mining
39:06 Bodkin Arrow
39:38 Ballistics
41:30 Conscription
Addicted8763
4:35 Loom
14:12 Feudal Age
14:38 Double-Bit Axe
14:36 Horse Collar
16:47 Wheelbarrow
16:10 Gold Mining
23:07 Castle Age
22:39 Town Watch
22:50 Fletching
23:00 Padded Archer Armor
23:51 Bodkin Arrow
25:01 Crossbowman
29:39 Thumb Ring
32:06 Bow Saw
32:41 Heavy Plow
33:08 Hand Cart
35:07 Leather Archer Armor
39:05 Imperial Age
38:24 Town Patrol
41:44 Ring Archer Armor
doushyradar
2:58 Loom
14:46 Feudal Age
15:30 Double-Bit Axe
19:48 Fletching
23:43 Castle Age
27:50 Bodkin Arrow
28:38 Scale Barding Armor
31:53 Ballistics
36:24 Imperial Age
36:02 Horse Collar
40:01 Wheelbarrow
41:45 Bracer
Connection lost

Rejoining the realm…

Still unreachable

The connection could not be restored.

Session expired

The server has moved on; the page needs a fresh start.